 Dungeon Crawl Stone Soup version 0.30.1 (webtiles) character file.

Game seed: 12505293506526619863

187 Babbit the Chopper (level 5, 0/47 HPs)
             Began as a Minotaur Fighter on July 7, 2023.
             Slain by an orc
             ... wielding a +0 short sword
              (2 damage)
             ... on level 3 of the Dungeon on July 8, 2023.
             The game lasted 00:20:03 (1967 turns).

Babbit the Chopper (Minotaur Fighter)               Turns: 1967, Time: 00:20:04

Health: 0/47       AC:  7    Str: 21    XL:     5   Next: 39%
Magic:  4/4        EV: 14    Int:  5    God:
Gold:   102        SH:  4    Dex: 11    Spells: 4/4 levels left

rFire   + . .        m - +1 whip (drain)
rCold   + . .        c - +0 buckler
rNeg    . . .        b - +0 scale mail
rPois   +            (helmet restricted)
rElec   .            r - scarf {rC+ rF+}
rCorr   .            (no gloves)
SInv    .            (no boots)
Will    .....        (no amulet) Stlth
                     e - +5 ring of evasion
HPRegen 0.27/turn    t - ring of poison resistance
MPRegen 0.09/turn

%: no passive effects
@: lethally poisoned (0 -> -19), flying
A: horns 2, retaliatory headbutt
a: no special abilities


You were on level 3 of the Dungeon.
You visited 1 branch of the dungeon, and saw 3 of its levels.

You collected 102 gold pieces.

Inventory:

Hand Weapons
 a - a +0 war axe
 m - a +1 whip of draining (weapon)
Armour
 b - a +0 scale mail (worn)
 c - a +0 buckler (worn)
 r - a scarf of resistance (worn)
Jewellery
 e - a +5 ring of evasion (left hand)
 t - a ring of poison resistance (right hand)
Scrolls
 d - a scroll of immolation {unknown}
 h - a scroll of noise
 l - a scroll of identify {unknown}
 n - a scroll of magic mapping {unknown}
 p - 2 scrolls of amnesia {unknown}
 s - a scroll of acquirement {unknown}
Potions
 f - a potion of lignification {unknown}
 g - a potion of flight
 i - a potion of resistance {unknown}
 j - a potion of heal wounds {unknown}
 k - 2 potions of curing {unknown}
 o - a potion of invisibility {unknown}
 q - a potion of brilliance {unknown}


   Skills:
 + Level 4.5 Fighting
 + Level 4.5(4.8) Axes
 + Level 2.0(3.5) Maces & Flails
 + Level 4.5 Armour
 + Level 0.6 Dodging
 + Level 0.1 Stealth
 + Level 4.1 Shields


You had 4 spell levels left.
You didn't know any spells.
Your spell library contained the following spells:

 Spells                   Type           Power      Damage    Failure   Level
 Inner Flame              Hex/Fire       0%         N/A       99%         3
 Flame Wave               Conj/Fire      0%         2d4       100%        4
 Sticky Flame             Conj/Fire      0%         2d3       100%        4


Dungeon Overview and Level Annotations

Branches:
Dungeon (3/15)

Altars:


Innate Abilities, Weirdness & Mutations

You have a pair of horns on your head.
You reflexively headbutt those who attack you in melee.


Message History

You bump into the rock wall.
Something hits you but does no damage.
The orc priest hits you but does no damage.
The orc priest attacks as you move away!
The orc priest closely misses you.
You hear some strange, mumbled words.
A puff of flame appears from out of thin air!
The puff of flame hits you. You resist.
You nearly stumble into some deep water!
You closely miss the orc priest. Something completely misses you.
The orc priest casts a cantrip, but nothing happens.
The orc closely misses you. Something hits you but does no damage.
You are poisoned.
You hit the orc priest. Your headbutt misses the orc priest.
The orc priest is lightly wounded.
You feel less confused.
You feel sick. The orc priest misses you.
You hit the orc priest but do no damage.
The orc priest is lightly wounded.
You feel sick. Something hits you but does no damage.
You are more poisoned.
The orc hits you with a +0 short sword.
* * * LOW HITPOINT WARNING * * *
The orc priest hits you but does no damage.
It was a potion of flight.
You feel very buoyant.
You fly up into the air.
* * * LOW HITPOINT WARNING * * *
You feel very sick. Something barely misses you. The orc barely misses you.
The orc priest calls down the wrath of Beogh upon you.
You barely resist. You closely miss the orc priest.
The orc priest is lightly wounded.
* * * LOW HITPOINT WARNING * * *
You feel very sick. Something hits you.
* * * LOW HITPOINT WARNING * * *
You are more poisoned.
The orc hits you with a +0 short sword.
You die...

## ##..≈≈..#######....#....#
.###~.~~~..#..........#..###
.....~~~~..#.#######..#...###.#
####.~~~~..#.#######..........#
#~..≈~.[...........#...#####
##...≈~~~#.##..........##
##....≈≈..#.##.###...####
##..~..~~..#....o≈≈≈≈≈≈≈#
.....~.~~....).o@......##
......~~.~~#.####..~.~.#
.<..~..≈~.~.#. #..~.~..>..
#.##.~..~~....# ####..###.#
#.##.#.≈≈...#. ...# #
#.##...≈≈~#.. #.## #.# .##≈≈##
#.. #.##.###≈# ... ......# .#


You could see an orc priest and an orc.

Vanquished Creatures
  2 orc wizards (D:3)
  4 gnolls (D:2)
  3 adders (D:2)
  3 worms
  A dart slug (D:1)
  5 orcs (D:3)
  4 endoplasms
  A giant cockroach (D:1)
  6 goblins
  4 hobgoblins (D:2)
  9 jackals
  A quokka (D:2)
  3 ball pythons
  5 bats (D:2)
  4 frilled lizards
  7 kobolds
  3 rats (D:1)
65 creatures vanquished.

Notes
Turn   | Place    | Note
-------+----------+-------------------------------------------
     0 | D:1      | Babbit the Minotaur Fighter began the quest for the Orb.
     0 | D:1      | Reached XP level 1. HP: 19/19 MP: 0/0
   100 | D:1      | Reached XP level 2. HP: 27/27 MP: 1/1
   645 | D:2      | Reached XP level 3. HP: 25/33 MP: 2/2
  1209 | D:2      | Reached XP level 4. HP: 40/40 MP: 3/3
  1285 | D:2      | Reached skill level 1 in Maces & Flails
  1646 | D:3      | Reached XP level 5. HP: 31/47 MP: 4/4
  1777 | D:3      | Found a faded altar of an unknown god.
  1967 | D:3      | HP: 2/47 [something (4)]
  1967 | D:3      | Slain by an orc

Illustrated notes

Levels and vault maps discovered:
D:1:      dpeg_arrival_subterranean_lakeside_camping, layout_basic, minivault_5
D:2:      kennysheep_six_static_rooms, layout_loops_corners,
          hangedman_feature_mirror
D:3:      layout_loops_ring, serial_rivers, chequers_serial_rivers_micro_e,
          chequers_serial_rivers_small_3, chequers_serial_rivers_large_b,
          chequers_serial_rivers_room_a, chequers_serial_rivers_marsh,
          hellmonk_ecumenical_altar_arch_garden, grunt_ministairs_14,
          minmay_mini_jars, uniq_ijyb

Skill      XL: |  1  2  3  4  5 |
---------------+----------------+-----
Axes           | 3 4 |  4.5
Shields        | 4 |  4.1
Fighting       | 4 |  4.5
Armour         | 4 |  4.5
Maces & Flails | 1 2 |  2.0
Dodging        | |  0.6
Stealth        | |  0.1

Action                     |  1- 3 |  4- 6 || total
---------------------------+-------+-------++-------
  Melee: War axe           |    62 |       ||    62
         Headbutt          |     7 |     7 ||    14
         Whip              |    10 |    73 ||    83
    Use: Potion            |       |     2 ||     2
         Scroll            |       |     1 ||     1
 Armour: Scale mail        |    25 |    29 ||    54
  Dodge: Dodged            |    43 |    34 ||    77
  Block: Buckler           |    11 |     9 ||    20
